 Dungeon Crawl Stone Soup version 0.30.0-5-g1a98f26d00 (webtiles) character file.

Game seed: 11205663220915748732

66 geeko55 the Charlatan (level 3, -13/20 HPs)
             Began as a Deep Elf Artificer on May 12, 2023.
             Blown up by Ijyb (20 damage)
             ... with a mindburst bolt
             ... on level 3 of the Dungeon.
             The game lasted 00:03:39 (2099 turns).

geeko55 the Charlatan (Deep Elf Artificer)          Turns: 2099, Time: 00:03:40

Health: -13/20     AC:  3    Str:  9    XL:     3   Next: 96%
Magic:  8/8        EV: 12    Int: 17    God:
Gold:   184        SH:  0    Dex: 15    Spells: 6/6 levels left

rFire   . . .        a - +0 war axe
rCold   . . .        (no shield)
rNeg    + . .        u - +0 leather armour
rPois   .            (no helmet)
rElec   .            (no cloak)
rCorr   .            (no gloves)
SInv    .            (no boots)
Will    .....        k - amulet of the acrobat
Stlth   ++           h - ring of flight
HPRegen 0.23/turn    j - ring of positive energy
MPRegen 0.11/turn

%: acrobat
@: flying
A: no striking features
a: no special abilities


You were on level 3 of the Dungeon.
You visited 1 branch of the dungeon, and saw 3 of its levels.

You collected 184 gold pieces.

Inventory:

Hand Weapons
 a - a +0 war axe (weapon)
 b - a +0 sling
Armour
 u - a +0 leather armour (worn)
Jewellery
 h - a ring of flight (left hand)
 j - a ring of positive energy (right hand)
 k - an amulet of the acrobat (around neck)
Wands
 c - a wand of flame (1) (quivered)
 d - a wand of charming (14)
 e - a wand of iceblast (4)
Scrolls
 l - a scroll of poison {unknown}
 m - a scroll of fear {unknown}
 n - 5 scrolls of enchant armour {unknown}
 o - a scroll of noise {unknown}
 p - a scroll of teleportation {unknown}
 r - a scroll of vulnerability {unknown}
 s - a scroll of magic mapping {unknown}
 t - a scroll of blinking {unknown}
Potions
 i - a potion of haste {unknown}
 q - a potion of curing {unknown}


   Skills:
 + Level 1.5 Fighting
 - Level 0.7 Armour
 - Level 2.4 Dodging
 - Level 1.2 Stealth
 + Level 2.1 Spellcasting
 * Level 4.5 Evocations


You had 6 spell levels left.
You didn't know any spells.
Your spell library was empty.

Dungeon Overview and Level Annotations

Branches:
Dungeon (3/15)

Altars:
Zin

Annotations:
D:3 Ijyb


Message History

What are your orders? t - Shout!
Orders for allies: a - Attack new target. p - Attack previous target. r - Retreat! s - Stop attacking. g - Guard the area. f - Follow me.
Anything else - Cancel.
Guard this area!
Aiming: Iceblast
Press: ? - help, Shift-Dir - straight line, f/p - Ijyb
Aim: Ijyb, wielding a +0 club, wearing a +1 scale mail of cold resistance and carrying a wand of mindburst (6) (charmed, wandering, friendly) Really fire at your ally Ijyb?
The mass of ice explodes!
The iceblast engulfs Ijyb!
Ijyb partially resists.
Ijyb is moderately wounded.
Ijyb is no longer charmed.
Ijyb shouts!
Ijyb misses you.
You slash Ijyb!
Ijyb is severely wounded.
Ijyb screams, "Die!"
Ijyb zaps a wand.
Your mind is blasted!
Ouch! That really hurt!
Aiming: Throw Flame
Press: ? - help, Shift-Dir - straight line, f/p - Ijyb
Aim: Ijyb, wielding a +0 club, wearing a +1 scale mail of cold resistance and carrying a wand of mindburst (5) (severely wounded, 71% to hit)
The puff of flame hits Ijyb but does no damage.
Ijyb is severely wounded.
Ijyb closely misses you.
Aiming: Throw Flame
Press: ? - help, Shift-Dir - straight line, f/p - Ijyb
Aim: Ijyb, wielding a +0 club, wearing a +1 scale mail of cold resistance and carrying a wand of mindburst (5) (severely wounded, 71% to hit)
The puff of flame misses Ijyb.
Ijyb hits you with a +0 club.
Aiming: Throw Flame
Press: ? - help, Q - select action, (/) - cycle Shift-Dir - straight line, f/p - Ijyb
Aim: Ijyb, wielding a +0 club, wearing a +1 scale mail of cold resistance and carrying a wand of mindburst (5) (severely wounded, 71% to hit)
The puff of flame misses Ijyb.
Ijyb zaps a wand.
Your mind is blasted!
Ouch! That really hurt!
You die...

#P..~ ..
#?.~~ .# ..~~
♣♣.# . ~♣~
...##.. #
♣~~♣~....
!##.♣~.~...#
#...♣~~..P#
#..$....####.
#....@.....!#
#....g.....##
#.....######
#.....###
#####...#
#.### #..##
#...+ #.#.+


You could see Ijyb.

Vanquished Creatures
  2 adders (D:2)
  8 ball pythons
  5 endoplasms
  4 giant cockroaches
  5 goblins
  5 hobgoblins (D:1)
  3 quokkas
  3 bats (D:2)
  A frilled lizard (D:2)
  A kobold (D:2)
  3 rats
40 creatures vanquished.

Vanquished Creatures (collateral kills)
  A hobgoblin (D:3)
  A frilled lizard (D:3)
2 creatures vanquished.

Grand Total: 42 creatures vanquished

Notes
Turn   | Place    | Note
-------+----------+-------------------------------------------
     0 | D:1      | geeko55 the Deep Elf Artificer began the quest for the Orb.
     0 | D:1      | Reached XP level 1. HP: 11/11 MP: 3/3
   129 | D:1      | Reached skill level 1 in Fighting
   358 | D:1      | Reached skill level 1 in Spellcasting
   358 | D:1      | Reached XP level 2. HP: 11/16 MP: 5/5
   956 | D:2      | Reached skill level 4 in Evocations
   994 | D:2      | Reached XP level 3. HP: 8/20 MP: 7/7
  1424 | D:2      | Found a glowing silver altar of Zin.
  2075 | D:3      | Noticed Ijyb
  2099 | D:3      | Blown up by Ijyb

Illustrated notes

Levels and vault maps discovered:
D:1:      psy_arrival_heroes, layout_basic
D:2:      layout_basic, basic_altar
D:3:      layout_loops_ring, gammafunk_temple_overflow_elements,
          kennysheep_cluttered_room, grunt_decor_one_mirror,
          serial_bayou_pond_a, uniq_ijyb

Skill      XL: |  1  2  3 |
---------------+----------+-----
Fighting       | 1 |  1.5
Spellcasting   | 1 2 |  2.1
Evocations     | 4 |  4.5
Armour         | |  0.7
Dodging        | |  2.4
Stealth        | |  1.2

Action                     || total
---------------------------++-------
  Melee: War axe           ||    88
         Club              ||    10
         Punch             ||     1
   Fire: Sling             ||     1
  Evoke: Wand              ||    16
    Use: Potion            ||     2
   Stab: Sleeping          ||     7
 Armour: Leather armour    ||    22
  Dodge: Dodged            ||    78
